 Dungeon Crawl Stone Soup version 0.22-a0-460-g49b1da7 (webtiles) character file.

4053 emperorscorpion the Archer (level 10, -10/83 HPs)
             Began as a Centaur Hunter on June 10, 2018.
             Was a Follower of Uskayaw.
             Killed by divine providence
             ... invoked by an orc priest
              (18 damage)
             ... on level 8 of the Dungeon.
             The game lasted 00:16:17 (9130 turns).

emperorscorpion the Archer (Centaur Hunter)         Turns: 9130, Time: 00:16:17

Health: -10/83     AC: 11    Str: 16    XL:     10   Next: 4%
Magic:  14/14      EV: 11    Int: 10    God:    Uskayaw [*.....]
Gold:   312        SH:  0    Dex: 12    Spells: 11/14 levels left

rFire    . . .     SeeInvis +   a - +3 short sword (venom)
rCold    + . .     Gourm    .   (no shield)
rNeg     . . .     Faith    .   F - +3 leather armour {rC+}
rPois    .         Spirit   .   l - +2 helmet
rElec    .         Reflect  .   H - scarf {cloud immunity}
rCorr    .         Harm     +   (no gloves)
MR       .....                  (no barding)
Stlth    ++........             C - amulet of harm
HPRegen  0.23/turn              q - ring of see invisible (curse)
MPRegen  0.14/turn              (no ring)

@: lethally poisoned (-10 -> -13), very slightly contaminated, invisible, very
quick
A: large, hooves 3, deformed body, speed 2, tough skin 3
a: Stomp, Renounce Religion


You were on level 8 of the Dungeon.
You worshipped Uskayaw.
Uskayaw was noncommittal.
You were not hungry.

You visited 1 branch of the dungeon, and saw 8 of its levels.
You also visited: Sewer.

You collected 312 gold pieces.

Inventory:

Hand Weapons
 a - a +3 short sword of venom (weapon)
 b - a +1 shortbow
 e - a +0 short sword
 m - a +0 hand axe
 x - a +0 blowgun
Missiles
 d - 94 arrows
 y - 36 poisoned needles
 A - 6 curare-tipped needles
Armour
 c - a +0 leather armour
 l - a +2 helmet (worn)
 n - a +0 cloak
 u - a +0 scale mail
 F - a +3 leather armour of cold resistance (worn)
 H - a scarf of cloud immunity (worn)
Jewellery
 q - a cursed ring of see invisible (left hand)
 w - an uncursed ring of ice
 C - an amulet of harm (around neck)
Wands
 k - a wand of flame (25)
 s - a wand of enslavement (10)
 t - a wand of iceblast (7)
 B - a wand of digging (5)
Scrolls
 g - 8 scrolls of remove curse
 i - a scroll of enchant weapon
 j - 8 scrolls of identify
 o - 2 scrolls of amnesia
 p - 2 scrolls of teleportation
 G - a scroll of noise {unknown}
Potions
 h - 3 potions of brilliance
 r - 2 potions of heal wounds
 D - a potion of haste {unknown}
 E - a potion of curing {unknown}
 J - a potion of magic {unknown}
Comestibles
 f - 16 rations
 I - a chunk of flesh


   Skills:
 + Level 5.6 Fighting
 + Level 6.1 Short Blades
 - Level 0.3 Axes
 + Level 11.2 Bows
 + Level 3.9 Throwing
 + Level 3.9 Armour
 + Level 3.9 Dodging
 + Level 3.0 Stealth
 + Level 3.5 Unarmed Combat
 * Level 2.7 Spellcasting
 * Level 0.2 Conjurations
 * Level 0.5 Air Magic
 * Level 0.7 Poison Magic
 + Level 3.2 Evocations


You had 11 spell levels left.
You knew the following spells:

 Your Spells              Type           Power        Failure   Level  Hunger
a - Mephitic Cloud        Conj/Pois/Air  #.......     63%         3    ####...

Your spell library contained the following spells:

 Spells                   Type           Power        Failure   Level  Hunger
 Conjure Flame            Conj/Fire      #.......     69%         3    ####...
 Freezing Cloud           Conj/Ice/Air   #.........   100%        6    #######
 Ring of Flames           Chrm/Fire      #.........   100%        7    #######
 Poisonous Vapours        Pois/Air       #.....       36%         2    ###....


Dungeon Overview and Level Annotations

Branches:
Dungeon (8/15)             Temple (0/1) D:7
   Lair: D:8-11

Altars:
Gozag
Hepliaklqana
Kikubaaqudgha
Okawaru
Uskayaw
Yredelemnul
The Shining One


Innate Abilities, Weirdness & Mutations

You have hooves in place of feet.
Armour fits poorly on your strangely shaped body.
You cover ground very quickly.
You have extremely tough skin. (AC +3)


Message History

You kill the hornet!
Your Stealth skill increases to level 3!
You have reached level 10!
The orc wizard hits you but does no damage.
You feel sick.
The orc wizard hits you but does no damage.
The orc priest hits you with a war axe.
* * * LOW HITPOINT WARNING * * *
You feel sick.
The orc wizard hits you but does no damage.
You can move again.
The orc priest hits you but does no damage.
Things that are here:
5 arrows; a hornet corpse You feel sick.
You see here an arrow.
You feel sick.
The orc priest calls down the wrath of Beogh upon you.
Beogh smites you!
You die...

#.......
#############.......
#..........##.......
#......)<..##.......
#......)[..##.......
#..........###......
#..@.(.....##.......
##<...t.....##.......
#...#..(######........
.......(##o.............
#.#.###(.((######.......
#..> #(.((..# ##......
#........###...[........
#. ##(..(# ########...#
(((#.# ....##.


You could see a crocodile (wandering) and an orc priest.

Vanquished Creatures
  A hornet (D:8)
  A hungry ghost (D:5)
  The ghost of Tallim the Poker, an amateur MfGl (D:4)
  Menkaure (D:6)
  Duvessa (D:6)
  An orc warrior (D:6)
  3 black bears
  A sky beast (D:5)
  4 ogres
  3 centaurs
  6 bullfrogs
  Dowan (D:6)
  A wyvern skeleton (D:6)
  3 wights (D:7)
  A howler monkey (D:5)
  A crimson imp (D:8)
  3 jellies
  3 bullfrog zombies
  A centaur zombie (D:7)
  2 hounds
  An orc priest (D:7)
  Crazy Yiuf (D:7)
  7 orc wizards
  3 bullfrog skeletons
  2 iguanas
  Ijyb (D:5)
  8 worker ants
  A hound zombie (D:8)
  A worker ant zombie (D:5)
  15 adders
  7 oozes
  An adder zombie (D:5)
  4 worms
  2 dart slugs
  11 leopard geckos
  16 orcs
  8 bats
  14 giant cockroaches
  5 goblins
  6 hobgoblins
  10 jackals
  2 quokkas
  6 ball pythons
  15 frilled lizards
  2 jackal skeletons
  11 kobolds
  A leopard gecko skeleton (D:4)
  7 rats
  A spectral orc (D:6)
208 creatures vanquished.

Notes
Turn   | Place    | Note
-------+----------+-------------------------------------------
     0 | D:1      | emperorscorpion the Centaur Hunter began the quest for the Orb.
     0 | D:1      | Reached XP level 1. HP: 17/17 MP: 1/1
    73 | D:1      | Reached XP level 2. HP: 19/24 MP: 2/2
   170 | D:1      | Reached skill level 6 in Bows
   642 | D:1      | Reached XP level 3. HP: 25/29 MP: 3/3
  2065 | D:3      | Reached XP level 4. HP: 36/36 MP: 4/4
  2223 | D:3      | Reached skill level 1 in Short Blades
  2246 | D:3      | Reached skill level 1 in Armour
  3184 | D:4      | Noticed a centaur
  3191 | D:4      | Killed a centaur
  3191 | D:4      | Reached XP level 5. HP: 18/42 MP: 5/5
  3454 | D:4      | Noticed an ogre
  3463 | D:4      | Killed an ogre
  3463 | D:4      | Reached XP level 6. HP: 50/50 MP: 6/6
  3487 | D:4      | Found a glowing drain.
  3492 | D:4      | Noticed Tallim's ghost (amateur MfGl)
  3499 | Sewer    | Entered a sewer
  3841 | Sewer    | Reached skill level 5 in Short Blades
  3841 | Sewer    | Reached skill level 8 in Bows
  3841 | Sewer    | Reached XP level 7. HP: 29/60 MP: 6/10
  3848 | Sewer    | Reached skill level 5 in Fighting
  4164 | D:4      | Killed Tallim's ghost
  4164 | D:4      | Reached XP level 8. HP: 68/68 MP: 11/11
  4575 | D:5      | Entered Level 5 of the Dungeon
  4693 | D:5      | Reached skill level 9 in Bows
  4837 | D:5      | Found an ancient bone altar of Kikubaaqudgha.
  5385 | D:5      | Noticed Ijyb
  5403 | D:5      | Killed Ijyb
  5660 | D:6      | Noticed Menkaure
  5927 | D:6      | Killed Menkaure
  5927 | D:6      | Reached XP level 9. HP: 47/74 MP: 12/12
  6456 | D:6      | Found an opulent altar of Gozag.
  6460 | D:6      | Found a hide-covered altar of Uskayaw.
  6461 | D:6      | Found a hazy altar of Hepliaklqana.
  6461 | D:6      | Found an iron altar of Okawaru.
  6462 | D:6      | Found a glowing golden altar of the Shining One.
  6463 | D:6      | Found an ancient bone altar of Kikubaaqudgha.
  6465 | D:6      | Noticed Duvessa
  6468 | D:6      | Became a worshipper of Uskayaw the Reveler
  6468 | D:6      | Noticed Dowan
  6499 | D:6      | Reached * piety under Uskayaw
  6507 | D:6      | Reached ** piety under Uskayaw
  6513 | D:6      | Killed Duvessa
  6641 | D:6      | Reached skill level 10 in Bows
  7179 | D:6      | Found a basalt altar of Yredelemnul.
  7268 | D:6      | Killed Dowan
  7704 | D:7      | Reached *** piety under Uskayaw
  7712 | D:7      | Reached **** piety under Uskayaw
  7915 | D:7      | Found a runed door.
  7919 | D:7      | Noticed Crazy Yiuf
  7929 | D:7      | Killed Crazy Yiuf
  8042 | D:7      | Found a staircase to the Ecumenical Temple.
  8105 | D:7      | Reached skill level 11 in Bows
  8123 | D:7      | Learned a level 3 spell: Mephitic Cloud
  9123 | D:8      | Paralysed by a hornet for 3 turns
  9124 | D:8      | Reached XP level 10. HP: 13/83 MP: 14/14
  9130 | D:8      | Killed from afar by an orc priest

Vault maps used:
D:1:      minmay_arrival_four_circles, serial_curves, eino_curves_04,
          eino_curves_02, solitary_fountain
D:2:      amethyst_killhole
D:4:      cheibrodos_sewer_entry_drain
D:5:      basic_altar, first_ration, uniq_ijyb
D:6:      grunt_temple_overflow_open, yredelemnul_forgotten_temple_becter,
          kennysheep_generic_room_8, uniq_menkaure, uniq_duvessa
D:7:      minmay_temple_entry_nine_rooms, uniq_crazy_yiuf_cottage
D:8:      gammafunk_temple_overflow_pools, uniq_maurice
Sewer:    sewer_frog_island_02

Skill      XL: |  1  2  3  4  5  6  7  8  9 |
---------------+----------------------------+-----
Bows           | 6 8 9 11 | 11.2
Short Blades   | 2 5 6 |  6.1
Armour         | 1 2 3 |  3.9
Dodging        | 3 |  3.9
Fighting       | 4 5 |  5.6
Throwing       | 3 |  3.9
Stealth        | 2 3 |  3.0
Unarmed Combat | 3 |  3.5
Spellcasting   | 2 |  2.7
Evocations     | 3 |  3.2
Axes           | |  0.3
Conjurations   | |  0.2
Air Magic      | |  0.5
Poison Magic   | |  0.7

Action                   |  1- 3 |  4- 6 |  7- 9 | 10-12 || total
-------------------------+-------+-------+-------+-------++-------
Melee: Hand axe          |    32 |       |       |       ||    32
       Kick              |    22 |    25 |    53 |       ||   100
       Short sword       |    71 |   108 |   177 |       ||   356
       Punch             |       |       |     2 |       ||     2
 Fire: Shortbow          |    12 |    30 |   284 |       ||   326
  Use: Scroll            |       |     8 |     2 |       ||    10
       Potion            |       |     1 |     5 |       ||     6
  Eat: Chunk             |     2 |     5 |    16 |       ||    23
Armor: Leather armour    |    47 |    45 |    98 |     2 ||   192
Dodge: Dodged            |    64 |    57 |   112 |       ||   233

Table legend:
 A = Spawn XP
 B = Non-spawn XP
 C = Spawn XP percentage of total XP
 D = Spawn monster count
 E = Non-spawn monster count
 F = Spawn count percentage of total count
 G = Total turns spent on level
                    A         B        C        D         E        F      G
               +---------+---------+-------+---------+---------+-------+---------
         Total |       0 |    5173 |   0.0 |       0 |     208 |   0.0 |  9130
               +---------+---------+-------+---------+---------+-------+---------
           D:1 |       0 |      47 |   0.0 |       0 |      24 |   0.0 |  1110
           D:2 |       0 |      38 |   0.0 |       0 |      19 |   0.0 |   739
           D:3 |       0 |      52 |   0.0 |       0 |      17 |   0.0 |  1268
           D:4 |       0 |     605 |   0.0 |       0 |      22 |   0.0 |   861
           D:5 |       0 |     873 |   0.0 |       0 |      18 |   0.0 |  1333
           D:6 |       0 |    1291 |   0.0 |       0 |      18 |   0.0 |  1434
           D:7 |       0 |    1334 |   0.0 |       0 |      28 |   0.0 |  1422
           D:8 |       0 |     548 |   0.0 |       0 |      16 |   0.0 |   366
         Sewer |       0 |     385 |   0.0 |       0 |      46 |   0.0 |   597
               +---------+---------+-------+---------+---------+-------+---------
